 Dungeon Crawl Stone Soup version 0.15-a0-1788-ga796aff (webtiles) character file.

89367 zhzh the Blocker (level 15, -2/147 HPs)
             Began as a Hill Orc Fighter on June 28, 2014.
             Was the Champion of Beogh.
             Slain by the 27-headed Lernaean hydra (6 damage)
             ... on Level 5 of the Swamp on June 29, 2014.
             The game lasted 04:16:10 (30525 turns).

zhzh the Blocker (Hill Orc Fighter)                Turns: 30525, Time: 04:16:10

HP  -2/147       AC 37     Str 23      XL: 15   Next: 97%
MP  19/19        EV  7     Int  8      God: Beogh [******]
Gold 1763        SH 24     Dex 16      Spells:  0 memorised, 14 levels left

rFire  + + .     SeeInvis .     j - +4 long sword (vamp)
rCold  + . .     Rnd*Rage +     Q - +8 plate armour {rF+}
rNeg   + . .     rCorr    .     p - +0 large shield
rPois  +         rRot     .     H - +2 hat {MR+} (curse)
rElec  +         Spirit   .     h - +2 cloak
SustAb .         Warding  +     (no gloves)
rMut   .         Stasis   .     I - +2 pair of boots
Gourm  .                        i - amulet of warding
MR     +++..                    a - ring of regeneration
                                x - +3 ring of dexterity

@: lethally poisoned, exhausted, resistant, slowed, very slow, extremely
resistant to hostile enchantments, extremely unstealthy
A: walk on water, antennae 1, repulsion field 1, slimy green scales 1, berserk
1, breathe flames 1, fast metabolism 1, magic resistance 1, robust 1, spit
poison 1
a: Spit Poison, Smiting, Recall Orcish Followers, Give Item to Named Follower,
Renounce Religion, Breathe Fire


You were on level 5 of the Swamp.
You worshipped Beogh.
Beogh was exalted by your worship.
You were not hungry.

You visited 5 branches of the dungeon, and saw 31 of its levels.
You also visited: Sewer and Ossuary.

You collected 3133 gold pieces.
You spent 1370 gold pieces at shops.

Inventory:

Hand weapons
 j - a +4 vampiric long sword (weapon)
 S - a +0 blowgun
Missiles
 b - 14 javelins (quivered)
 R - 10 curare-tipped needles
Armour
 h - a +2 cloak (worn)
 p - a +0 large shield (worn)
 H - a cursed +2 hat of magic resistance (worn)
 I - a +2 pair of boots (worn)
 Q - a +8 plate armour of fire resistance (worn)
Magical devices
 e - a wand of fireball (2)
 f - a wand of disintegration (12)
 g - a wand of digging (0)
 n - a wand of frost (11)
 o - a wand of draining (3)
 q - a wand of frost (8)
 N - a wand of polymorph (14)
 O - a wand of disintegration (8)
 U - a wand of confusion (13)
Comestibles
 k - 20 bread rations
Scrolls
 c - 2 scrolls of identify
 d - a scroll of brand weapon
 s - 18 scrolls of remove curse
 t - a scroll of torment
 w - 14 scrolls of teleportation
 z - 4 scrolls of amnesia
 C - a scroll of recharging
 D - 2 scrolls of fear
 F - a scroll of blinking
 G - 3 scrolls of holy word
Jewellery
 a - a ring of regeneration (right hand)
 i - an amulet of warding (around neck)
 x - a +3 ring of dexterity (left hand)
 y - an uncursed ring of protection from cold
 J - a +4 ring of evasion
 K - an uncursed ring of flight
 L - a cursed +4 ring of strength
 P - an uncursed amulet of resist corrosion
 T - an uncursed ring of sustain abilities
 V - an uncursed ring of ice
 W - an uncursed amulet of guardian spirit
 Z - an uncursed amulet of stasis
Potions
 u - a potion of agility
 A - 4 potions of might
 B - 7 potions of curing
 E - 3 potions of berserk rage
 Y - a potion of magic
Books
 l - Roxanne's Handbook of Earthen Transformation
   (You took it off Roxanne on level 5 of the Swamp)

   Spells                             Type                      Level
   Beastly Appendage                  Transmutation                1
   Passwall                           Transmutation/Earth          3
   Alistair's Intoxication            Transmutation/Poison         4
   Blade Hands                        Transmutation                5
   Statue Form                        Transmutation/Earth          6
 M - a book of Annihilations {highlevel, unknown}

   This book is beyond your current level of understanding.

   Spells                             Type                      Level
   Poison Arrow                       Conjuration/Poison           6
   Chain Lightning                    Conjuration/Air              8
   Lehudib's Crystal Spear            Conjuration/Earth            8
   Glaciate                           Conjuration/Ice              9
   Fire Storm                         Conjuration/Fire             9
Magical staves
 r - an uncursed staff of wizardry


   Skills:
 + Level 12.9 Fighting
 + Level 13.8 Long Blades
 + Level 12.7 Armour
 + Level 7.6 Dodging
 + Level 4.1 Stealth
 + Level 17.5 Shields
 + Level 0.2 Unarmed Combat
 + Level 2.2 Invocations
 + Level 1.9 Evocations


You had 14 spell levels left.
You didn't know any spells.

Dungeon Overview and Level Annotations

Branches:
Dungeon (13/15)            Temple (1/1) D:6             Orc (4/4) D:10
    Elf (0/3) Orc:4          Lair (8/8) D:8           Swamp (5/5) Lair:5
  Snake (0/5) Lair:6        Slime (0/6) Lair:8
 Vaults: D:13-14

Altars:
Ashenzari
Cheibriados
Dithmenos
Elyvilon
Fedhas
Gozag
Kikubaaqudgha
Makhleb
Nemelex Xobeh
Okawaru
Qazlal
Sif Muna
Trog
Vehumet
Xom
Yredelemnul
Zin
The Shining One
Beogh
Jiyva

Shops:
D:10 =[   Orc:1 =[   Orc:2 [   Orc:4 ?:%}

Annotations:
Swamp:5 Lernaean hydra


Innate Abilities, Weirdness & Mutations

You can walk on water.
You have a pair of small antennae on your head.
You are surrounded by a mild repulsion field (EV +2).
You are partially covered in slimy green scales (AC +2).
You tend to lose your temper in combat.
You can breathe flames.
You have a fast metabolism.
You are resistant to hostile enchantments.
You are robust (+10% HP).
You can spit poison.


Message History

Drink which item? (? for menu, Esc to quit)
You feel protected.
You feel sick.
The swamp dragon breathes poison at you.
The blast of poison hits you! You resist.
The 27-headed Lernaean hydra bites you but does no damage.
The 27-headed Lernaean hydra bites you.
* * * LOW HITPOINT WARNING * * *
You block the 27-headed Lernaean hydra's attack.
The 27-headed Lernaean hydra bites you but does no damage.
You block the 27-headed Lernaean hydra's attack.
The 27-headed Lernaean hydra bites you but does no damage.
The 27-headed Lernaean hydra barely misses you.
You block the 27-headed Lernaean hydra's attack.
The 27-headed Lernaean hydra bites you but does no damage.
The 27-headed Lernaean hydra completely misses you.
The 27-headed Lernaean hydra bites you but does no damage. x2
You block the 27-headed Lernaean hydra's attack.
The 27-headed Lernaean hydra bites you.
You die...

***** ***##.###.♣**♣♣♣♣ **≈*
♣≈*##§§#≈♣♣*≈* ≈≈≈*
***♣.≈#)).#.♣**** ♣♣
≈≈≈***≈≈*♣.#))%.♣♣≈* ♣♣.
≈≈≈≈*≈≈***♣..).♣♣♣♣♣♣#♣ ♣..
≈*≈≈≈*,,,*♣♣♣o.§≈♣.♣.≈♣♣ ♣♣.
**≈*≈≈**≈≈*♣≈..§D§.≈.≈.♣♣ ♣≈
*,******♣≈♣.)§D§§≈#≈..≈♣♣♣♣
♣. *** *♣≈..§§@§§≈....♣♣≈♣♣♣
♣§ ♣♣♣♣≈§§♣♣♣.≈..♣♣≈≈≈♣♣♣§
♣♣♣♣♣♣♣♣♣§§§♣♣♣...§≈≈≈≈%.≈.
♣≈≈.≈≈≈♣♣§§§♣♣♣≈..≈≈≈≈≈.≈≈≈
♣♣≈..≈≈≈.♣♣♣§§.≈≈≈.≈≈≈≈≈..≈≈
♣♣≈§≈♣.≈≈≈♣≈.§≈≈§.♣≈..≈≈≈≈≈≈≈
♣.§≈≈...≈.♣.≈≈≈≈§≈.♣♣..≈≈≈≈≈≈
♣.≈≈≈≈.≈≈.♣oo.≈.§≈≈♣♣♣.≈≈≈≈≈≈
♣≈≈≈≈≈≈≈.≈.≈o<≈§.≈.♣♣♣♣.≈≈≈..


You could see the 27-headed Lernaean hydra, a swamp dragon and the friendly Harm
the orc knight.

Vanquished Creatures
  Norris (Swamp:5)
  A thorn hunter (Swamp:4)
  Roxanne (Swamp:5)
  Wiglaf (Swamp:5)
  2 hydras (Swamp:5)
  7 alligators
  2 shambling mangroves (Swamp:5)
  An orc high priest (Orc:4)
  A tengu warrior (D:12)
  2 spriggan druids (Swamp:5)
  2 swamp dragons
  4 lindwurms (Lair:8)
  3 hill giants
  Joseph (D:12)
  A necromancer (Swamp:5)
  A manticore (D:11)
  Maurice (D:8)
  3 elephants
  A gargoyle (D:6)
  A black mamba (Lair:5)
  An orange demon (Orc:4)
  A torpor snail (Lair:7)
  6 spiny frogs
  3 komodo dragons (Lair:8)
  Grinder (D:3)
  A fire drake (D:8)
  3 two-headed ogres
  4 giant leeches
  Sonja (Orc:3)
  2 hydra zombies (Swamp:5)
  4 slime creatures
  3 bog bodies
  2 polar bears (Lair:8)
  2 alligator zombies (Swamp:5)
  3 baby alligators (Swamp:2)
  4 ravens
  A boulder beetle (Lair:7)
  A spriggan (Swamp:5)
  A basilisk (Lair:8)
  A deep elf mage (D:12)
  2 shadows
  11 yaks
  A giant leech zombie (Swamp:5)
  7 hogs (Lair:8)
  An ugly thing (Swamp:3)
  4 wolves (Lair:8)
  2 vampire mosquitoes
  2 steam dragons (Lair:8)
  A warg (Lair:8)
  12 swamp worms
  A hippogriff (Lair:7)
  2 hell hounds (Lair:8)
  2 porcupines (D:7)
  8 swamp drakes
  An orc warrior (D:8)
  7 water moccasins
  6 black bears
  A human skeleton (D:11)
  2 ice beasts (D:7)
  3 ogres
  A phantom (D:10)
  2 yellow wasps
  A necrophage (D:11)
  A sky beast (D:7)
  A centaur (D:8)
  A yaktaur zombie (D:12)
  6 crocodiles
  A gnoll sergeant (D:7)
  5 giant frogs
  A water moccasin zombie (Swamp:5)
  4 scorpions
  A wight (D:11)
  An insubstantial wisp (Swamp:4)
  3 goliath beetles
  4 killer bees (D:9)
  3 crimson imps
  A giant frog zombie (D:6)
  3 orc wizards
  3 iguanas
  Crazy Yiuf (D:3)
  5 orc priests
  A quasit (D:9)
  10 hounds
  2 jellies (D:8)
  4 big fish
  A giant frog skeleton (D:12)
  12 worker ants
  3 sheep
  4 big kobold zombies (Ossuary)
  Terence (D:2)
  4 mummies
  2 worker ant zombies
  16 adders
  A big fish zombie (Swamp:5)
  10 gnolls
  13 green rats
  A giant mite (D:5)
  2 shadow imps (D:6)
  A worm (D:5)
  An iguana skeleton (D:6)
  8 adder zombies
  4 giant geckos
  5 oozes
  21 orcs
  5 bats
  A bat skeleton (D:4)
  8 giant cockroaches
  10 hobgoblins
  14 jackals
  10 quokkas
  6 ball pythons
  12 giant newts
  3 gnoll zombies (Ossuary)
  10 goblins
  A goblin skeleton (D:5)
  7 hobgoblin zombies (Ossuary)
  15 kobolds
  A kobold skeleton (D:5)
  3 kobold zombies (Ossuary)
  6 orc zombies
  8 rats
  A ballistomycete (D:11)
  4 briar patches (Swamp:4)
  4 plants (Sewer)
463 creatures vanquished.

Vanquished Creatures (collateral kills)
  2 thorn hunters
  Rupert (Lair:5)
  Donald (Orc:3)
  Aizul (Swamp:4)
  A fire dragon (Lair:8)
  Harold (Lair:8)
  10 hydras
  9 alligators
  Urug (D:12)
  A very ugly thing (Swamp:3)
  4 orc high priests (Orc:4)
  A catoblepas (Lair:7)
  A swamp dragon (Swamp:1)
  2 hill giants
  Erolcha (Orc:1)
  10 orc knights
  A wolf spider zombie (D:12)
  A manticore (D:11)
  An orc sorcerer (Orc:1)
  A red wasp (Swamp:3)
  A black mamba (Lair:7)
  14 elephants
  A torpor snail (Lair:4)
  14 spiny frogs
  6 komodo dragons
  4 fire drakes
  3 trolls
  A giant leech (Swamp:1)
  13 blink frogs
  3 polar bears (Lair:8)
  6 baby alligators
  2 boulder beetles
  5 ravens
  5 spriggans
  4 slime creatures
  3 bog bodies (Swamp:1)
  A raiju (Lair:8)
  4 basilisks
  3 wyverns
  A hill giant zombie (D:12)
  A deep elf mage (D:9)
  25 yaks
  5 yellow wasps
  2 hogs (Lair:8)
  A chaos spawn (Orc:4)
  2 steam dragons
  12 wolves
  3 ugly things (Swamp:3)
  4 hippogriffs
  6 vampire mosquitoes
  A soldier ant (D:12)
  4 nagas (Lair:6)
  Edmund (D:8)
  10 swamp worms
  2 mottled dragons (Lair:8)
  5 wargs
  An ice beast (D:11)
  22 water moccasins
  16 orc warriors
  2 black bears (Lair:8)
  11 porcupines
  4 swamp drakes
  3 sky beasts
  A necrophage (D:12)
  A hell hound (Lair:8)
  2 boring beetles
  4 ogres
  3 centaurs
  2 big kobolds
  9 crocodiles
  18 giant frogs
  A cyclops zombie (D:10)
  8 insubstantial wisps
  2 wights (D:11)
  2 jellies
  A giant frog zombie (D:9)
  5 crimson imps
  A big fish (Swamp:1)
  13 hounds
  2 worker ants (D:10)
  A quasit (D:9)
  18 orc priests
  2 giant frog skeletons
  5 iguanas
  7 orc wizards
  14 sheep
  A killer bee zombie (D:10)
  2 mummies (D:12)
  A shadow imp (D:12)
  An orc skeleton (D:12)
  14 adders
  62 green rats
  37 orcs
  6 ball pythons (D:13)
  4 goblins
  7 hobgoblins
  6 jackals (Lair:8)
  4 quokkas
  8 kobolds
  2 rats (D:8)
  A ballistomycete (D:11)
  8 briar patches
  17 fungi
  6 plants
597 creatures vanquished.

Vanquished Creatures (others)
  An orc warlord (Swamp:5)
  An orc high priest (Swamp:5)
  4 orc knights
  A sixfirhy (Swamp:5)
  A hellwing (Swamp:5)
  18 orc priests
  A ynoxinul (Swamp:5)
  A chaos spawn (Swamp:4)
  A neqoxec (Lair:8)
  13 orc warriors
  A swamp drake (Swamp:4)
  9 orc wizards
  An adder (D:3)
  An ufetubus (Swamp:5)
  150 orcs
  A giant spore (D:11)
  2 briar patches (Swamp:4)
  4 fungi
  5 plants (Lair:8)
216 creatures vanquished.

Grand Total: 1276 creatures vanquished

Notes
Turn   | Place    | Note
--------------------------------------------------------------
     0 | D:1      | zhzh, the Hill Orc Fighter, began the quest for the Orb.
     0 | D:1      | Reached XP level 1. HP: 19/19 MP: 1/1
   263 | D:1      | Reached XP level 2. HP: 13/27 MP: 2/2
   949 | D:2      | Reached XP level 3. HP: 29/33 MP: 3/3
  1095 | D:2      | Noticed Terence
  1104 | D:2      | Killed Terence
  1119 | D:2      | Found an ancient bone altar of Kikubaaqudgha.
  1250 | D:2      | Found a stormy altar of Qazlal.
  1253 | D:2      | Noticed an air elemental
  1254 | D:2      | Noticed a water elemental
  1254 | D:2      | Noticed an earth elemental
  1254 | D:2      | Noticed a fire elemental
  1271 | D:2      | Reached XP level 4. HP: 40/40 MP: 4/4
  1394 | D:2      | Reached skill level 4 in Shields
  1994 | D:3      | Noticed Grinder
  2017 | D:3      | Paralysed by Grinder for 7 turns
  2027 | D:3      | Paralysed by Grinder for 3 turns
  2032 | D:3      | Killed Grinder
  2032 | D:3      | Reached skill level 5 in Armour
  2032 | D:3      | Reached skill level 1 in Dodging
  2032 | D:3      | Reached XP level 5. HP: 31/46 MP: 5/5
  2032 | D:3      | Reached XP level 6. HP: 35/52 MP: 6/6
  2251 | D:3      | Noticed an orc warrior
  2255 | D:3      | Became a worshipper of Beogh the Brigand
  2503 | D:3      | Reached skill level 5 in Shields
  2767 | D:3      | Acquired Beogh's first power
  2767 | D:3      | Reached skill level 1 in Stealth
  2820 | D:3      | Found a shadowy altar of Dithmenos.
  2948 | D:3      | Noticed Crazy Yiuf
  2954 | D:3      | Killed Crazy Yiuf
  2954 | D:3      | Reached XP level 7. HP: 60/60 MP: 7/7
  3151 | D:4      | Found a burning altar of Makhleb.
  3171 | D:4      | Got a twisted whip
  3172 | D:4      | Identified the +8 whip "Hell-Harrower" {freeze, rC+ Str-2 Int+4 Stlth--} (You found it on level 4 of the Dungeon)
  3560 | D:4      | Reached skill level 5 in Fighting
  3630 | D:4      | Acquired Beogh's second power
  4117 | D:5      | Entered Level 5 of the Dungeon
  4241 | D:5      | Found a glowing drain.
  4261 | Sewer    | Entered a sewer
  4328 | Sewer    | Reached skill level 5 in Long Blades
  4384 | Sewer    | Reached XP level 8. HP: 68/68 MP: 8/8
  4973 | Sewer    | Gained mutation: You have a pair of small antennae on your head. [potion of mutation]
  4973 | Sewer    | Gained mutation: You are surrounded by a mild repulsion field (EV +2). [potion of mutation]
  4973 | Sewer    | Gained mutation: Your body is slowly deteriorating. [potion of mutation]
  5178 | D:5      | Reached skill level 6 in Shields
  5279 | D:5      | Found a glowing golden altar of the Shining One.
  5576 | D:5      | Noticed a two-headed ogre
  5584 | D:5      | Killed a two-headed ogre
  5717 | D:6      | Found a staircase to the Ecumenical Temple.
  5726 | Temple   | Entered the Ecumenical Temple
  5856 | D:6      | Reached skill level 1 in Invocations
  5940 | D:6      | Found a sparkling altar of Nemelex Xobeh.
  6245 | D:6      | Acquired Beogh's third power
  6472 | D:6      | Noticed a gargoyle
  6501 | D:6      | Killed a gargoyle
  6501 | D:6      | Reached skill level 7 in Shields
  6501 | D:6      | Reached XP level 9. HP: 33/75 MP: 10/10
  6654 | D:6      | Paralysed by a potion of paralysis for 4 turns
  6770 | D:7      | Found a sand-covered staircase.
  6779 | Ossuary  | Entered an ossuary
  7312 | Ossuary  | Gained mutation: You can breathe flames. [potion of mutation]
  7312 | Ossuary  | Gained mutation: Your muscles are strong. (Str +2) [potion of mutation]
  7312 | Ossuary  | Gained mutation: You are robust (+10% HP). [potion of mutation]
  7721 | D:7      | Acquired Beogh's fourth power
  7742 | D:7      | Found a viscous altar of Jiyva.
  7775 | D:7      | Reached skill level 8 in Shields
  8130 | D:8      | Found a snail-covered altar of Cheibriados.
  8429 | D:8      | Found a staircase to the Lair.
  8429 | D:8      | Noticed a fire drake
  8435 | D:8      | Killed a fire drake
  8435 | D:8      | Reached XP level 10. HP: 62/92 MP: 11/11
  8492 | D:8      | Gained Nordag as an ally
  8506 | D:8      | Noticed Maurice
  8537 | D:8      | Killed Maurice
  8537 | D:8      | Reached skill level 9 in Shields
  8591 | D:8      | Reached skill level 1 in Evocations
  8743 | D:8      | Noticed Edmund
  8757 | D:8      | Killed Edmund
  9009 | D:9      | Found a bloodstained altar of Trog.
  9227 | D:9      | Reached skill level 10 in Shields
  9228 | D:9      | Found a bloodstained altar of Trog.
  9461 | D:9      | Found a roughly hewn altar of Beogh.
  9665 | D:10     | Entered Level 10 of the Dungeon
  9748 | D:10     | Acquired Beogh's fifth power
  9750 | D:10     | Gained Marbork as an ally
  9759 | D:10     | Noticed a hill giant
  9766 | D:10     | Killed a hill giant
  9789 | D:10     | Reached XP level 11. HP: 103/103 MP: 13/13
  9879 | D:10     | Found Feiwie's Jewellery Shoppe.
  9905 | D:10     | Bought an uncursed ring of regeneration for 390 gold pieces
  9938 | D:10     | Found a staircase to the Orcish Mines.
  9940 | D:10     | Found Ibrugaoj's Armour Emporium.
 10169 | D:10     | Gained Gorbash as an ally
 10704 | D:10     | Reached skill level 11 in Shields
 10891 | Orc:1    | Entered Level 1 of the Orcish Mines
 10905 | Orc:1    | Noticed an ice devil
 10966 | Orc:1    | Noticed Erolcha
 10976 | Orc:1    | Killed Erolcha
 11109 | Orc:1    | Found Xepiap's Jewellery Shoppe.
 11147 | Orc:1    | Found a roughly hewn altar of Beogh.
 11150 | Orc:1    | Bought an uncursed amulet of warding for 180 gold pieces
 11291 | Orc:2    | Found a roughly hewn altar of Beogh.
 11514 | Orc:3    | Noticed Donald
 11522 | Orc:3    | Noticed Sonja
 11531 | Orc:3    | Killed Donald
 11531 | Orc:3    | Reached skill level 5 in Dodging
 11533 | Orc:3    | Killed Sonja
 11942 | Orc:4    | Entered Level 4 of the Orcish Mines
 11968 | Orc:4    | Found a bloodstained altar of Trog.
 12161 | Orc:4    | Found a staircase to the Elven Halls.
 12426 | Orc:4    | Noticed an orc knight
 12427 | Orc:4    | Noticed an orc high priest
 12429 | Orc:4    | Noticed an orc knight
 12431 | Orc:4    | Noticed an orc knight
 12432 | Orc:4    | Noticed an orc knight
 12433 | Orc:4    | Noticed an orc high priest
 12434 | Orc:4    | Noticed an orc knight
 12436 | Orc:4    | Killed an orc knight
 12439 | Orc:4    | Noticed an orc high priest
 12445 | Orc:4    | Killed an orc high priest
 12446 | Orc:4    | Your ally Marbork died
 12447 | Orc:4    | HP: 4/106 [orc high priest/divine providence (13)]
 12453 | Orc:4    | Killed an orc knight
 12453 | Orc:4    | Killed an orc knight
 12455 | Orc:4    | Killed an orc knight
 12457 | Orc:4    | Your ally Nordag died
 12458 | Orc:4    | Your ally Gorbash died
 12473 | Orc:4    | Killed an orc high priest
 12476 | Orc:4    | Gained Bogmar as an ally
 12482 | Orc:4    | Killed an orc knight
 12488 | Orc:4    | Your ally Bogmar died
 12698 | Orc:4    | Noticed an orc knight
 12709 | Orc:4    | Noticed an orc high priest
 12734 | Orc:4    | Killed an orc knight
 12741 | Orc:4    | Killed an orc high priest
 12741 | Orc:4    | Gained Berold as an ally
 12779 | Orc:4    | Your ally Berold died
 12827 | Orc:4    | Killed an orc high priest
 12827 | Orc:4    | Reached skill level 12 in Shields
 12827 | Orc:4    | Reached XP level 12. HP: 43/114 MP: 14/14
 12944 | Orc:4    | Noticed an orc high priest
 12968 | Orc:4    | Killed an orc high priest
 12968 | Orc:4    | Reached skill level 10 in Long Blades
 13037 | Orc:4    | Gained Warbeogh as an ally
 13174 | Orc:4    | Found Lyoqay's Gadget Shoppe.
 13175 | Orc:4    | Found Pahoasm's Magic Scroll Shoppe.
 13175 | Orc:4    | Found Psaussut's Food Emporium.
 13176 | Orc:4    | Found Ixubrang's Book Shoppe.
 13575 | Orc:2    | Found Evolaepi's Antique Armour Shop.
 13578 | Orc:2    | Bought an ancient scale mail for 225 gold pieces
 13596 | Orc:2    | Identified the cursed -3 scale mail "Veuxiuzi" {+Blink Slay-3} (You bought it in a shop on level 2 of the Orcish Mines)
 13616 | Orc:2    | Bought a shiny plate armour for 575 gold pieces
 14020 | D:11     | Gained Berold as an ally
 14421 | D:11     | Gained Gorg as an ally
 14727 | D:12     | Gained Murdo as an ally
 14925 | D:12     | Gained Ogrik as an ally
 15041 | D:12     | Lost intelligence.
 15481 | D:12     | Noticed Urug
 15516 | D:12     | Killed Urug
 15516 | D:12     | Reached skill level 10 in Fighting
 15516 | D:12     | Reached skill level 13 in Shields
 15534 | D:12     | Noticed a tengu warrior
 15556 | D:12     | Killed a tengu warrior
 15561 | D:12     | Noticed Joseph
 15568 | D:12     | Killed Joseph
 15718 | D:12     | Identified a scroll of acquirement
 16141 | Lair:1   | Entered Level 1 of the Lair of Beasts
 16256 | Lair:1   | Gained mutation: You have a fast metabolism. [potion of mutation]
 16256 | Lair:1   | Lost mutation: Your body is slowly deteriorating. [potion of mutation]
 16491 | Lair:1   | Reached skill level 10 in Armour
 17167 | Lair:2   | Gained Harm as an ally
 17757 | Lair:3   | Reached XP level 13. HP: 120/124 MP: 15/15
 17760 | Lair:3   | Your ally Gorg died
 19349 | Lair:5   | Found a staircase to the Swamp.
 19401 | Lair:5   | Reached skill level 14 in Shields
 19455 | Lair:5   | Noticed Rupert
 19460 | Lair:5   | Killed Rupert
 20345 | Lair:6   | Found a staircase to the Snake Pit.
 20959 | Lair:7   | Your ally Berold died
 21329 | Lair:7   | Gained Bogric as an ally
 21702 | Lair:8   | Entered Level 8 of the Lair of Beasts
 21710 | Lair:8   | Gained Bogbrand as an ally
 21716 | Lair:8   | Gained Ognian as an ally
 21835 | Lair:8   | Noticed Harold
 21843 | Lair:8   | Killed Harold
 21937 | Lair:8   | Found a viscous altar of Jiyva.
 21947 | Lair:8   | Reached skill level 15 in Shields
 21948 | Lair:8   | Found a staircase to the Slime Pits.
 22154 | Lair:8   | Reached XP level 14. HP: 133/136 MP: 17/17
 23309 | Lair:8   | Gained mutation: You can spit poison. [potion of mutation]
 23309 | Lair:8   | Gained mutation: You are resistant to hostile enchantments. [potion of mutation]
 23309 | Lair:8   | Gained mutation: Your natural rate of healing is unusually fast. [potion of mutation]
 23310 | Lair:8   | Upgraded the game from 0.15-a0-1766-g0ee8742 to 0.15-a0-1788-ga796aff
 23961 | Swamp:1  | Entered Level 1 of the Swamp
 24780 | Swamp:1  | Reached skill level 16 in Shields
 24825 | Swamp:1  | Gained Norbak as an ally
 25213 | Swamp:1  | Lost mutation: Your natural rate of healing is unusually fast. [potion of mutation]
 25213 | Swamp:1  | Gained mutation: You are partially covered in slimy green scales (AC +2). [potion of mutation]
 25213 | Swamp:1  | Lost mutation: Your muscles are strong. (Str +2) [potion of mutation]
 25863 | Swamp:2  | Your ally Bogbrand died
 26495 | Swamp:3  | Reached XP level 15. HP: 136/145 MP: 18/18
 26512 | Swamp:3  | Noticed a thorn hunter
 26522 | Swamp:3  | Killed a thorn hunter
 27111 | Swamp:4  | Noticed a thorn hunter
 27120 | Swamp:4  | Killed a thorn hunter
 27171 | Swamp:4  | Your ally Bogric died
 27174 | Swamp:4  | Your ally Ogrik died
 27177 | Swamp:4  | Your ally Norbak died
 27777 | Swamp:4  | Noticed a thorn hunter
 27792 | Swamp:4  | Killed a thorn hunter
 28128 | Swamp:5  | Entered Level 5 of the Swamp
 28493 | Swamp:5  | Noticed Aizul
 28520 | Swamp:4  | Killed Aizul
 28679 | Swamp:4  | Gained mutation: You tend to lose your temper in combat. [mutagenic meat]
 28855 | Swamp:5  | Noticed Roxanne
 28877 | Swamp:5  | Reached skill level 17 in Shields
 28979 | Swamp:5  | Killed Roxanne
 28981 | Swamp:5  | Identified Roxanne's Handbook of Earthen Transformation (You took it off Roxanne on level 5 of the Swamp)
 29338 | Swamp:5  | Noticed Norris
 29371 | Swamp:5  | Killed Norris
 29451 | Swamp:5  | Noticed Wiglaf
 29495 | Swamp:5  | Killed Wiglaf
 30502 | Swamp:5  | Noticed the 27-headed Lernaean hydra
 30519 | Swamp:5  | Your ally Murdo died
 30520 | Swamp:5  | Your ally Ognian died
 30521 | Swamp:5  | Your ally Warbeogh died
 30523 | Swamp:5  | HP: 4/147 [the 27-headed Lernaean hydra (5)]
 30525 | Swamp:5  | Slain by the 27-headed Lernaean hydra

Action                   |  1- 3 |  4- 6 |  7- 9 | 10-12 | 13-15 || total
-------------------------+-------+-------+-------+-------+-------++-------
Melee: Long sword        |   112 |   127 |   703 |   769 |  1521 ||  3232
       Unarmed           |       |     4 |       |       |       ||     4
Invok: Convert to Beogh  |       |     1 |       |       |       ||     1
       Smiting           |       |       |     2 |       |    10 ||    12
       Give Item to Name |       |       |       |     5 |     3 ||     8
       Recall Orcish Fol |       |       |       |     3 |     1 ||     4
Evoke: Wand              |       |     1 |    12 |     7 |    11 ||    31
  Use: Scroll            |     7 |       |    14 |    16 |    28 ||    65
       Potion            |     3 |     2 |    10 |    13 |    37 ||    65
 Stab: Distracted        |       |       |       |    10 |    13 ||    23
       Fleeing           |       |       |       |     1 |       ||     1
